AoeStats
← zamithdaniel

Lombardia

507553807Analyzed
2v2 RM · 15d ago on Sep 18, 2026· 48m 26s· 4 players
Game mode
Random Map
Map size
Medium (4 player)
Population
200
Speed
Normal
Resources
Standard
Victory
Conquest
Starting age
Dark Age
Ending age
Imperial Age
RankedLock teamsTeams togetherTeam positionsShared explorationLock speedFull tech treeHidden civsTurbo modeCheats
Victory
Defeat
🇬🇧 Poles · United Kingdom
973
+16
🇬🇧 Britons · United Kingdom
965
+17
🇨🇴 Turks · Colombia
985
-17
🇲🇽 Cumans · Mexico
976
-16
Jordan
11:01 Feudal Age
15:13 Castle Age
13:51 Double-Bit Axe
13:47 Horse Collar
16:32 Bow Saw
21:42 Scale Barding Armor
21:48 Forging
22:59 Bloodlines
22:57 Loom
22:57 Town Watch
23:54 Wheelbarrow
27:22 Hand Cart
30:40 Imperial Age
28:20 Heavy Plow
28:49 Szlachta Privileges
30:47 Chain Barding Armor
31:03 Iron Casting
30:18 Fletching
29:53 Elite Skirmisher
31:39 Padded Archer Armor
33:06 Crop Rotation
32:05 Cavalier
32:45 Husbandry
34:40 Bodkin Arrow
35:01 Light Cavalry
35:07 Crossbowman
35:54 Bracer
35:58 Arbalester
37:14 Thumb Ring
38:11 Blast Furnace
37:26 Leather Archer Armor
38:53 Conscription
39:09 Hoardings
39:57 Winged Hussar
44:36 Capped Ram
48:02 Scale Mail Armor
47:24 Siege Ram
mattt_damon
8:07 Loom
10:01 Feudal Age
12:16 Double-Bit Axe
16:38 Castle Age
18:52 Horse Collar
20:40 Bow Saw
21:25 Stone Mining
21:26 Gold Mining
21:01 Pikeman
23:22 Wheelbarrow
23:24 Heavy Plow
25:48 Hand Cart
26:01 Forging
26:05 Fletching
29:08 Gold Shaft Mining
28:45 Padded Archer Armor
28:40 Bodkin Arrow
29:22 Iron Casting
28:47 Scale Mail Armor
30:10 Leather Archer Armor
35:10 Chain Mail Armor
38:14 Imperial Age
37:39 Ballistics
39:00 Bracer
39:31 Ring Archer Armor
40:19 Chemistry
39:42 Fervor
39:57 Sanctity
39:28 Elite Longbowman
40:45 Yeomen
42:41 Arson
rancira95
11:57 Feudal Age
13:04 Horse Collar
19:04 Castle Age
19:18 Fletching
20:57 Elite Skirmisher
21:33 Double-Bit Axe
21:45 Gold Mining
22:06 Heavy Plow
26:45 Bodkin Arrow
30:18 Ballistics
32:34 Imperial Age
31:50 Forging
31:40 Padded Archer Armor
31:29 Pikeman
32:51 Halberdier
35:26 Iron Casting
35:07 Leather Archer Armor
38:33 Blast Furnace
39:21 Scale Mail Armor
42:01 Loom
zamithdaniel
11:57 Feudal Age
14:01 Horse Collar
14:09 Double-Bit Axe
21:29 Castle Age
23:54 Bow Saw
23:52 Gold Mining
23:55 Stone Mining
26:16 Heavy Plow
31:45 Imperial Age
29:03 Loom
29:54 Wheelbarrow
35:37 Artillery
35:59 Conscription
35:02 Elite Janissary
36:27 Fortified Wall
37:48 Padded Archer Armor
38:00 Forging
37:56 Scale Barding Armor
42:27 Leather Archer Armor
42:47 Iron Casting
42:33 Chain Barding Armor
44:05 Gold Shaft Mining
44:43 Fletching
Connection lost

Rejoining the realm…

Still unreachable

The connection could not be restored.

Session expired

The server has moved on; the page needs a fresh start.